Map: New Repugnancy LE

Players

Namshar - Winner!

  • Race: Zerg Zerg
  • Spawn Location: 7:00

SouLeer

  • Race: Zerg Zerg
  • Spawn Location: 1:00

Event: 2019 WCS Spring

VOD

Have the link to the VOD?

Description

Time

  • Played on: May 17, 2019, 7:48 a.m.
  • Length: 11:39

All games in this series

Show
View Real Time Build Order
Export as new Build Order

Namshar Zerg - Winner!

Build Orders: Hatch First, Zergling Baneling 

Get SALT Encoding   

  12  0:00  Drone  
  13  0:12  Overlord  
  13  0:17  Drone  
  14  0:30  Drone x2  
  16  0:48  Hatchery  
  15  0:51  Drone  
  15  0:55  Drone  
  17  1:10  Spawning Pool  
  17  1:11  Extractor  
  15  1:14  Drone  
  15  1:17  Drone  
  17  1:21  Drone  
  18  1:28  Drone  
  19  1:38  Drone  
  20  1:49  Overlord  
  20  1:56  Queen  
  20  2:00  Queen, Zergling x2  
  20  2:01  Zergling x2  
  26  2:10  Metabolic Boost  
  26  2:19  Drone  
  26  2:20  Drone  
  28  2:26  Drone  
  28  2:27  Drone  
  30  2:30  Baneling Nest  
  30  2:35  Drone  
  30  2:37  Overlord  
  30  2:47  Drone x2  
  32  2:56  Drone  
  32  2:58  Zergling x2  
  33  3:05  Zergling x8  
  36  3:08  Zergling x2  
  36  3:09  Zergling x6  
  40  3:18  Baneling  
  40  3:19  Zergling x4  
  42  3:24  Hatchery  
  41  3:35  Zergling x2  
  41  3:37  Overlord  
  41  3:39  Overlord  
  41  3:40  Drone x2  
  44  3:57  Baneling  
  44  4:00  Drone x2  
  44  4:01  Zergling x4  
  45  4:06  Zergling x4  
  43  4:13  Baneling  
  43  4:14  Baneling  
  41  4:18  Queen  
  41  4:23  Evolution Chamber  
  41  4:24  Zergling x6  
  41  4:25  Roach Warren  
  41  4:26  Drone x3  
  41  4:29  Baneling x2  
  41  4:30  Drone x2  
  47  4:33  Extractor  
  47  4:37  Zergling x4  
  47  4:39  Baneling x2  
  47  4:41  Zergling x2  
  48  4:47  Queen  
  48  4:51  Drone x2  
  52  4:55  Drone x3  
  52  4:57  Drone  
  56  5:06  Baneling  
  55  5:11  Roach x3  
  61  5:17  Roach  
  61  5:27  Roach x2  
  61  5:28  Zergling x2  
  61  5:29  Zergling x6  
  59  5:38  Zergling x2  
  59  5:39  Roach, Zergling x6  
  64  5:45  Ravager  
  64  5:48  Drone  
  64  5:49  Overlord x3  
  65  5:58  Baneling x2  
  65  6:02  Extractor  
  65  6:03  Drone x2  
  65  6:06  Overlord x2, Queen  
  65  6:08  Baneling  
  65  6:09  Baneling  
  67  6:12  Roach  
  67  6:13  Roach  
  67  6:16  Drone x3  
  67  6:17  Drone  
  75  6:19  Roach, Zergling x4  
  79  6:28  Roach x2  
  82  6:38  Roach  
  82  6:39  Roach  
  79  6:48  Zerg Missile Weapons Level 1  
  79  6:50  Drone x3  
  79  6:52  Baneling x2  
  81  6:54  Zergling x2  
  81  6:55  Zergling x4  
  81  6:57  Zergling x8  
  88  7:06  Roach x3  
  93  7:19  Roach  
  93  7:20  Roach x3  
  99  7:24  Baneling x3  
  99  7:29  Roach, Zergling x2  
  105  7:30  Zergling x8  
  105  7:32  Baneling x2  
  105  7:33  Overlord x2  
  106  7:37  Baneling  
  105  7:53  Lair  
  102  8:02  Ravager  
  83  8:05  Baneling  
  83  8:06  Roach x2, Baneling x2  
  83  8:07  Zergling x22  
  83  8:10  Extractor  
  97  8:16  Roach x2, Overlord x2  
  101  8:20  Drone x2  
  101  8:21  Drone x2  
  101  8:23  Drone  
  101  8:24  Drone  
  107  8:35  Extractor  
  107  8:37  Drone x3  
  107  8:38  Drone x3  
  112  8:44  Overlord  
  107  8:56  Roach x6  
  107  8:57  Roach  
  107  8:59  Glial Reconstitution, Zerg Missile Weapons Level 2  
  107  9:01  Drone  
  122  9:08  Drone x4  
  122  9:09  Drone  
  126  9:10  Drone x3  
  126  9:14  Roach x2, Extractor  
  126  9:15  Roach  
  134  9:19  Overlord  
  134  9:29  Overseer  
  134  9:31  Overseer  
  133  9:33  Pneumatized Carapace  
  133  9:35  Drone  
  133  9:36  Evolution Chamber  
  133  9:37  Overlord  
  133  9:39  Roach  
  133  9:41  Hatchery  
  133  9:42  Ravager  
  133  9:43  Ravager x3  
  133  9:45  Roach  
  140  9:51  Roach x3  
  145  9:57  Roach x5  
  155  10:05  Baneling x6  
  155  10:07  Roach  
  155  10:08  Zergling x8  
  161  10:14  Overlord x3  
  161  10:26  Overlord  
  159  10:32  Roach  
  159  10:33  Roach x8  
  159  10:34  Ravager  
  178  10:43  Overlord x2  
  165  10:55  Drone x3  
  167  11:01  Roach x7  
  148  11:19  Roach x5  
Show
View Real Time Build Order
Export as new Build Order

SouLeer Zerg 

Build Orders: Pool First 

Get SALT Encoding   

  12  0:01  Drone  
  13  0:12  Overlord  
  13  0:17  Drone  
  14  0:30  Drone x2  
  14  0:35  Drone  
  17  0:44  Extractor  
  17  0:46  Spawning Pool  
  17  0:49  Drone  
  16  0:55  Drone  
  17  1:15  Hatchery  
  16  1:32  Queen  
  16  1:33  Zergling x2  
  16  1:36  Drone  
  20  1:40  Drone  
  20  1:46  Overlord  
  21  1:53  Metabolic Boost  
  21  1:58  Drone  
  22  2:08  Queen  
  22  2:11  Drone  
  25  2:18  Drone  
  25  2:20  Evolution Chamber  
  25  2:27  Drone  
  26  2:30  Zergling x2  
  27  2:39  Zergling x2  
  27  2:40  Drone x3  
  27  2:42  Drone  
  32  2:48  Zerg Melee Weapons Level 1  
  32  2:55  Drone x2  
  34  3:00  Overlord  
  34  3:11  Drone x2  
  36  3:16  Hatchery  
  36  3:19  Drone  
  36  3:21  Drone  
  36  3:25  Overlord  
  37  3:29  Zergling x4  
  37  3:30  Zergling x2  
  40  3:35  Zergling x4  
  42  3:42  Zergling x4  
  42  3:45  Zergling x6  
  47  3:50  Queen  
  47  3:51  Zergling x6  
  47  3:53  Overlord  
  52  4:01  Zergling x2  
  49  4:04  Zergling x2  
  49  4:09  Zergling x2  
  48  4:16  Zergling x8  
  51  4:20  Pneumatized Carapace  
  51  4:22  Zergling x2  
  52  4:25  Hatchery, Overlord  
  51  4:32  Zergling x2  
  51  4:45  Zergling x4  
  49  4:49  Zergling x2, Baneling Nest  
  49  4:50  Zergling x2  
  50  4:53  Zergling x2  
  50  4:54  Zergling x4  
  50  4:59  Zergling x2  
  54  5:01  Drone  
  54  5:02  Drone  
  54  5:05  Overlord  
  53  5:07  Zergling x2  
  53  5:12  Zergling x2  
  55  5:19  Zergling x6  
  57  5:24  Zergling x4  
  57  5:30  Zergling x2  
  57  5:33  Zergling x2  
  53  5:39  Zergling x4  
  52  5:44  Zergling x8  
  52  5:49  Zergling x6, Zerg Ground Armor Level 1  
  58  5:50  Zergling x2  
  58  5:52  Zergling x2  
  58  5:56  Zergling x2  
  59  6:01  Drone  
  59  6:03  Drone  
  60  6:07  Drone  
  61  6:11  Drone  
  61  6:13  Baneling x4  
  61  6:14  Drone x2  
  61  6:15  Drone x4  
  61  6:17  Overlord  
  68  6:19  Zergling x6  
  68  6:20  Zergling x2  
  72  6:25  Zergling x2  
  72  6:29  Zergling x2  
  73  6:33  Zergling x2  
  73  6:37  Extractor, Zergling x2, Roach Warren  
  72  6:41  Zergling x2  
  72  6:44  Zergling x10  
  72  6:46  Zergling x6  
  79  6:49  Zergling x2  
  79  6:53  Zergling x6  
  82  7:02  Overlord  
  82  7:04  Overlord  
  82  7:06  Zergling x2  
  82  7:08  Zergling x2  
  82  7:11  Zergling x10  
  82  7:12  Zergling x2  
  82  7:15  Zergling x4  
  90  7:18  Overlord  
  90  7:22  Overlord  
  88  7:26  Baneling x5  
  88  7:27  Baneling  
  88  7:29  Zergling x4  
  90  7:32  Baneling x3  
  90  7:33  Baneling  
  90  7:35  Zergling x4  
  91  7:37  Baneling x2  
  91  7:41  Zergling x4  
  92  7:46  Zergling x2  
  92  7:47  Zergling x4  
  92  7:50  Zergling x6  
  92  8:01  Zergling x8  
  92  8:02  Zergling x2  
  92  8:03  Zergling x2  
  92  8:04  Zergling x4  
  78  8:10  Roach  
  78  8:11  Roach x2  
  84  8:15  Roach, Extractor  
  84  8:18  Roach  
  87  8:26  Roach x3  
  93  8:29  Roach x2  
  93  8:31  Roach  
  93  8:34  Roach  
  101  8:40  Roach x2  
  105  8:43  Roach  
  105  8:47  Overlord  
  107  8:51  Roach x2  
  107  8:54  Roach  
  107  8:56  Roach  
  107  8:59  Roach  
  107  9:02  Extractor  
  110  9:03  Extractor  
  110  9:04  Roach  
  111  9:12  Roach x2  
  111  9:13  Roach  
  111  9:15  Roach  
  119  9:20  Roach  
  119  9:22  Roach  
  123  9:28  Roach x2  
  127  9:35  Overlord  
  127  9:37  Roach  
  129  9:44  Overlord x2  
  129  9:49  Overlord  
  129  9:51  Overlord  
  128  9:58  Zergling x8  
  132  10:04  Zergling x6  
  135  10:10  Ravager x3  
  135  10:11  Ravager x2  
  140  10:14  Zergling x4  
  140  10:17  Zergling x2  
  140  10:18  Zergling x2  
  144  10:25  Zergling x8  
  144  10:32  Ravager x2  
  144  10:33  Zergling x6  
  149  10:37  Zergling x4  
  149  10:41  Zergling x4  
  151  10:44  Zergling x4  
  151  10:47  Zergling x2  
  153  10:54  Zergling x2  
  153  10:55  Zergling x6  
  151  11:02  Zergling x2  
  151  11:03  Zergling x6  
  134  11:11  Zergling x8  
  134  11:15  Zergling x2  
  134  11:16  Zergling x4  
  134  11:18  Zergling x2  
Tags
 
Add a new tag
Caveats
  • Supply blocks, unpowered buildings, or Contaminate may cause inaccurate times.
  • Supply counts are checked every 10 seconds.